 Dungeon Crawl Stone Soup version 0.30-a0-373-gd37427bb62 (webtiles) character file.

Game seed: 17205551337890781846

167 funkygono the Firebug (level 5, -2/35 HPs)
             Began as a Demonspawn Fire Elementalist on Nov 24, 2022.
             Slain by a gnoll
             ... wielding a +0 whip
             ... led by a gnoll bouda
              (3 damage)
             ... on level 4 of the Dungeon.
             The game lasted 00:03:52 (2532 turns).

funkygono the Firebug (DsFE)                        Turns: 2532, Time: 00:03:52

Health: -2/35      AC:  5    Str:  8    XL:     5   Next: 23%
Magic:  10/10      EV: 12    Int: 18    God:
Gold:   165        SH:  0    Dex: 14    Spells: 5/11 levels left

rFire   . . .      SeeInvis .    (no weapon)
rCold   . . .      Faith    .    (no shield)
rNeg    . . .      Spirit   .    a - +0 robe
rPois   .          Reflect  .    (no helmet)
rElec   .          Harm     .    (no cloak)
rCorr   .          Rampage  .    h - +2 pair of gloves
Will    .....                    (no boots)
Stlth   ++........               g - amulet of magic regeneration
HPRegen 0.25/turn                (no ring)
MPRegen 0.52/turn                (no ring)

@: no status effects
A: claws 1, ignite blood 1
a: no special abilities


You were on level 4 of the Dungeon.
You visited 1 branch of the dungeon, and saw 4 of its levels.

You collected 165 gold pieces.

Inventory:

Armour
 a - a +0 robe (worn)
 h - a +2 pair of gloves (worn)
Jewellery
 g - an amulet of magic regeneration (around neck)
Wands
 m - a wand of digging (5)
Scrolls
 c - 2 scrolls of teleportation {unknown}
 f - a scroll of magic mapping {unknown}
 i - a scroll of fear {unknown}
 l - a scroll of enchant armour {unknown}
 n - a scroll of vulnerability {unknown}
 o - a scroll of identify {unknown}
Potions
 b - a potion of magic
 d - 4 potions of curing {unknown}
 e - a potion of lignification {unknown}
 j - 2 potions of might {unknown}
 k - a potion of cancellation {unknown}


   Skills:
 + Level 1.9 Dodging
 - Level 1.7 Stealth
 + Level 3.7 Spellcasting
 + Level 1.8 Conjurations
 + Level 3.9 Fire Magic


You had 5 spell levels left.
You knew the following spells:

 Your Spells              Type           Power      Damage    Failure   Level
a - Foxfire               Conj/Fire      52%        2x1d6     4%          1
b - Scorch                Fire           34%        2d6       4%          2
c - Kindle Blastsparks    Fire/Tloc/Air  16%        2d11      26%         3

Your spell library contained the following spells:

 Spells                   Type           Power      Damage    Failure   Level
 Necrotise                Necr           12%        1d4       16%         1
 Inner Flame              Hex/Fire       10%        N/A       21%         3
 Vampiric Draining        Necr           3%         2d6       41%         3
 Flame Wave               Conj/Fire      13%        2d6       41%         4
 Animate Dead             Necr           3%         N/A       83%         4
 Agony                    Necr           3%         N/A       99%         5
 Borgnjor's Vile Clutch   Necr/Erth      1%         N/A       99%         5
 Death Channel            Necr           1%         N/A       100%        6


Dungeon Overview and Level Annotations

Branches:
Dungeon (4/15)
 Temple: D:4-7

Altars:
Dithmenos
Kikubaaqudgha

Shops:
D:2 :


Innate Abilities, Weirdness & Mutations

You have sharp fingernails.
Your demonic aura sometimes causes spilled blood to erupt in flames.


Message History

Casting: Foxfire (safe; 4% risk of failure)
Confirm with . or Enter, or press ? or * to list all spells.
Flames lash the gnoll.
You kill the gnoll!
Casting: Scorch (safe; 4% risk of failure)
Confirm with . or Enter, or press ? or * to list all spells.
You conjure some foxfire!
The foxfire hits the gnoll.
The gnoll is moderately wounded.
Casting: Foxfire (safe; 4% risk of failure)
Confirm with . or Enter, or press ? or * to list all spells.
Flames lash the gnoll.
The gnoll is almost dead.
The gnoll's fire resistance burns away.
The foxfire hits the gnoll.
The gnoll is moderately wounded.
The gnoll barely misses you. The gnoll hits you with a +0 whip.
The gnoll bouda attacks as you move away!
The gnoll bouda hits you with a +0 club.
The gnoll bouda calls upon its god to heal the gnoll.
The gnoll's wounds heal themselves!
The gnoll attacks as you move away! The gnoll barely misses you.
The gnoll bouda calls upon its god to heal the gnoll.
The gnoll is healed somewhat.
The gnoll is no longer more vulnerable to fire.
The gnoll attacks as you move away! The gnoll barely misses you.
The gnoll is no longer moving quickly.
The gnoll hits you with a +0 whip.
The gnoll bouda calls upon its god to heal the gnoll.
The gnoll's wounds heal themselves!
The gnoll attacks as you move away! The gnoll hits you with a +0 whip!
The gnoll attacks as you move away! The gnoll hits you with a +0 whip.
* * * LOW HITPOINT WARNING * * *
The gnoll hits you with a +0 whip.
* * * LOW HITPOINT WARNING * * *
The gnoll bouda barks out a call to the hunt!
The gnoll picks up the pace!
There is a stone staircase leading up here.
The gnoll hits you with a +0 whip.
* * * LOW HITPOINT WARNING * * *
The gnoll hits you with a +0 whip.
You die...

##########
#........###
#####.##.......#
#@..#.##..##.#.#
#gg........#.#.#
#.[.#.#......#.###
##.##.##...#.#....
#.##>###.##.#####
#g##.. .....# #
#.######.#### #
#..# # ##)# #


You could see a gnoll bouda and 2 gnolls.

Vanquished Creatures
  An ogre (D:3)
  An adder (D:2)
  A gnoll (D:4)
  A worm (D:3)
  3 dart slugs
  An orc (D:2)
  4 bats
  6 endoplasms
  3 giant cockroaches
  3 goblins (D:3)
  6 hobgoblins
  6 jackals
  2 kobolds
  2 quokkas
  5 ball pythons
  2 frilled lizards
  5 rats
52 creatures vanquished.

Vanquished Creatures (others)
  A human (D:3)
  126 foxfires
127 creatures vanquished.

Grand Total: 179 creatures vanquished

Notes
Turn   | Place    | Note
-------+----------+-------------------------------------------
     0 | D:1      | funkygono the Demonspawn Fire Elementalist began the quest
                  | for the Orb.
     0 | D:1      | Reached XP level 1. HP: 13/13 MP: 3/3
   266 | D:1      | Gained mutation: You have sharp fingernails. [demonic
                  | ancestry]
   266 | D:1      | Reached XP level 2. HP: 19/19 MP: 3/5
   269 | D:1      | Learned a level 2 spell: Scorch
   934 | D:2      | Found a faded altar of an unknown god.
   939 | D:2      | Reached XP level 3. HP: 23/24 MP: 1/6
   945 | D:2      | Learned a level 3 spell: Kindle Blastsparks
  1248 | D:2      | Found Koiry's Book Emporium.
  1685 | D:3      | Found a shadowy altar of Dithmenos.
  1839 | D:3      | Noticed an ogre
  1843 | D:3      | Killed an ogre
  1844 | D:3      | Reached XP level 4. HP: 30/30 MP: 4/9
  1844 | D:3      | Gained mutation: Your demonic aura sometimes causes spilled
                  | blood to erupt in flames. [demonic ancestry]
  1844 | D:3      | Reached XP level 5. HP: 35/35 MP: 4/10
  2210 | D:3      | Found an ancient bone altar of Kikubaaqudgha.
  2211 | D:3      | Noticed a human
  2213 | D:3      | Killed a human
  2532 | D:4      | HP: 1/35 [gnoll/+0 whip[a gnoll bouda] (4)]
  2532 | D:4      | Slain by a gnoll

Illustrated notes

Levels and vault maps discovered:
D:1:      giann_bridges, layout_basic
D:2:      layout_loops_ring, hellmonk_ecumenical_altar_pennies_from_heaven,
          serial_shops, nicolae_square_shop
D:3:      layout_loops_ring, tgw_kikubaaqudgha, mainiacjoe_overflow_alcove_1
D:4:      layout_loops_corners, led_xom_imps, dk_noncrumbling_3,
          ebering_dispersal_statue_hall, patterned_corridor

Skill      XL: |  1  2  3 |
---------------+----------+-----
Fire Magic     | 3 |  3.9
Spellcasting   | 3 |  3.7
Dodging        | |  1.9
Stealth        | |  1.7
Conjurations   | |  1.8

Action                   |  1- 3 |  4- 6 || total
-------------------------+-------+-------++-------
Melee: Unarmed           |     5 |     6 ||    11
 Cast: Foxfire           |    61 |    17 ||    78
       Scorch            |     9 |     8 ||    17
Armor: Robe              |     5 |     2 ||     7
Dodge: Dodged            |    20 |     9 ||    29

Table legend: (Time is in decaauts)
 A = Elapsed time spent in this place.
 B = Non-inter-level travel time spent in this place.
 C = Inter-level travel time spent in this place.
 D = Time resting spent in this place.
 E = Time spent auto-exploring this place.
 F = Levels seen in this place.
 G = Mean time per level.
                   A        B        C        D        E       F      G
               +--------+--------+--------+--------+--------+-----+--------+
         Total |   2533 |   2363 |    170 |      0 |   2017 |   4 |  633.2 |
       Dungeon |   2533 |   2363 |    170 |      0 |   2017 |   4 |  633.2 |
               +--------+--------+--------+--------+--------+-----+--------+

Top non-repeatable levels by time:
     D:3: 880 daAuts
     D:1: 805 daAuts
     D:2: 784 daAuts
     D:4: 63 daAuts
